 Dungeon Crawl Stone Soup version 0.16.1 (webtiles) character file.

8256 Helmschank the Thaumaturge (level 11, -1/62 HPs)
             Began as a Deep Elf Fire Elementalist on Mar 24, 2015.
             Was a Believer of Vehumet.
             Killed from afar by a fire dragon (36 damage)
             ... with a blast of flame
             ... on level 10 of the Dungeon.
             The game lasted 01:30:20 (14094 turns).

Helmschank the Thaumaturge (DEFE)                  Turns: 14094, Time: 01:30:20

Health: -1/62      AC: 13    Str:  5    XL:     11   Next: 7%
Magic:  34/34      EV: 15    Int: 24    God:    Vehumet [**....]
Gold:   620        SH:  0    Dex: 15    Spells: 6 memorised, 18 levels left

rFire  . . .     SeeInvis +     w - +1 quarterstaff (protect)
rCold  . . .     Clarity  .     a - +0 robe
rNeg   . . .     SustAb   +     (no shield)
rPois  .         Gourm    .     B - +2 helmet {SInv}
rElec  .         Spirit   .     M - +0 cloak
rCorr  .         Warding  .     y - +0 pair of gloves
rMut   .         Stasis   .     r - +0 pair of boots
MR     +....                    (no amulet)
Stlth  ++........               m - ring of teleport control
                                C - ring of sustain abilities

@: somewhat resistant to hostile enchantments, unstealthy
A: no striking features
a: Renounce Religion, Evoke Teleport Control


You were on level 10 of the Dungeon.
You worshipped Vehumet.
Vehumet was pleased with you.
You were not hungry.

You visited 2 branches of the dungeon, and saw 11 of its levels.

You collected 620 gold pieces.

Inventory:

Hand weapons
 d - a +1 falchion of electrocution
 e - a +0 blowgun
 q - a +1 dagger of venom
 w - a +1 quarterstaff of protection (weapon)
 x - a +0 whip of flaming
Missiles
 g - 6 curare-tipped needles
 h - 12 poisoned needles
 G - 6 tomahawks (quivered)
 U - 72 stones
Armour
 a - a +0 robe (worn)
 r - a +0 pair of boots (worn)
 y - a +0 pair of gloves (worn)
 B - a +2 helmet of see invisible (worn)
 K - a steam dragon hide
 M - a +0 cloak (worn)
 Z - a troll hide
Jewellery
 m - a ring of teleport control (right hand)
 z - an uncursed ring of positive energy
 C - a ring of sustain abilities (left hand)
Magical devices
 E - a wand of fire (8)
 L - a wand of random effects (15)
 P - a wand of magic darts (11)
 Q - a wand of enslavement (9)
 T - a wand of teleportation (4)
Scrolls
 f - 2 scrolls of fog
 i - 2 scrolls of remove curse
 k - a scroll of amnesia
 o - 2 scrolls of fear
 s - 4 scrolls of teleportation
 v - a scroll of blinking
 F - a scroll of enchant weapon
Potions
 j - 3 potions of agility
 l - 4 potions of might
 n - a potion of flight
 t - 2 potions of heal wounds
 u - 5 potions of haste
 A - a potion of magic {unknown}
 I - 6 potions of curing
 N - a potion of berserk rage {unknown}
 O - a potion of poison {unknown}
 S - a potion of lignification {unknown}
 V - 2 potions of restore abilities
Books
 b - a book of Flames

   Spells                             Type                      Level
   a - Flame Tongue                   Conjuration/Fire             1
   b - Throw Flame                    Conjuration/Fire             2
   c - Conjure Flame                  Conjuration/Fire             3
   d - Inner Flame                    Hexes/Fire                   3
   e - Sticky Flame                   Conjuration/Fire             4
   f - Fireball                       Conjuration/Fire             5
 D - a book of Callings

   Spells                             Type                      Level
   a - Summon Small Mammal            Summoning                    1
   b - Call Imp                       Summoning                    2
   c - Call Canine Familiar           Summoning                    3
   d - Summon Guardian Golem          Hexes/Summoning              4
   e - Summon Lightning Spire         Summoning/Air                4
   f - Summon Ice Beast               Ice/Summoning                4
 R - a book of Summonings

   Spells                             Type                      Level
   a - Abjuration                     Summoning                    3
   b - Recall                         Summoning/Translocation      3
   c - Shadow Creatures               Summoning                    5
   d - Summon Demon                   Summoning                    5
   e - Summon Forest                  Summoning/Translocation      5
   f - Monstrous Menagerie            Summoning                    6
 X - a book of Annihilations {highlevel, unknown}

   This book is beyond your current level of understanding.

   Spells                             Type                      Level
   a - Poison Arrow                   Conjuration/Poison           6
   b - Chain Lightning                Conjuration/Air              8
   c - Lehudib's Crystal Spear        Conjuration/Earth            8
   d - Glaciate                       Conjuration/Ice              9
   e - Fire Storm                     Conjuration/Fire             9
Comestibles
 c - 6 bread rations
 p - 34 fruits
 H - 8 chunks of flesh
 J - 4 meat rations


   Skills:
 + Level 4.8 Fighting
 - Level 6.2 Dodging
 - Level 2.4 Stealth
 - Level 12.0 Spellcasting
 + Level 9.6 Conjurations
 + Level 9.9 Fire Magic
 - Level 2.1 Ice Magic


You had 18 spell levels left.
You knew the following spells:

 Your Spells              Type           Power        Failure   Level  Hunger
a - Throw Flame           Conj/Fire      ######       1%          2    None
f - Fireball              Conj/Fire      ######....   2%          5    ###....
g - Freeze                Ice            ###.         1%          1    None
h - Conjure Flame         Conj/Fire      ######..     1%          3    None
s - Sticky Flame          Conj/Fire      ######..     1%          4    None
z - Flame Tongue          Conj/Fire      #####        1%          1    None


Dungeon Overview and Level Annotations

Branches:
Dungeon (10/15)            Temple (1/1) D:4
   Lair: D:8-11         Orc: D:9-12

Altars:
Ashenzari
Cheibriados
Dithmenos
Elyvilon
Fedhas
Gozag
Kikubaaqudgha
Makhleb
Nemelex Xobeh
Okawaru
Qazlal
Ru
Sif Muna
Trog
Vehumet
Xom
Yredelemnul
Zin
The Shining One


Message History

You see here a yak corpse.
You butcher the yak corpse.
H - 8 chunks of flesh (gained 4)
Things that are here:
a robe; a yak corpse
Found 13 gold pieces.
Found 8 stones.
You see here 27 stones.
Found a stone staircase leading down.
You now have 620 gold pieces (gained 24).
A fire dragon comes into view.
The fire dragon breathes flames at you. The blast of flame hits you!
You see here 27 stones.
Things that are here:
a robe; a yak corpse The fire dragon breathes flames at you.
The blast of flame hits you!
Ouch! That really hurt!
You die...

########## ### #.........# #.#
...........##################.#
..............................#
#...........................#
#............................
#......(D..[@................
#......########'##..######...
#####......#.........#..#....#...
..........(##........#..+....#.##
......$.....#........#.รท#...((.#
............#........#..#..(.#.#
....#.......#........#..######.#
....#.......##########.........#
... ##..>.............)........##


You could see a fire dragon.

Vanquished Creatures
  Pikel (D:4)
  An ugly thing (D:10)
  A cyclops (D:10)
  Joseph (D:8)
  A troll (D:9)
  Prince Ribbit (D:4)
  A two-headed ogre (D:9)
  4 yaks (D:10)
  Eustachio (D:9)
  4 hippogriffs
  A steam dragon (D:8)
  Menkaure (D:4)
  2 orc warriors
  2 sky beasts
  3 phantoms
  3 ogres
  A slave (D:4)
  2 black bears (D:9)
  A necrophage (D:8)
  A crocodile (D:8)
  Sigmund (D:3)
  5 giant frogs
  2 big kobolds (D:9)
  A gnoll sergeant (D:8)
  6 scorpions
  3 wights (D:9)
  15 killer bees
  A goliath beetle (D:9)
  A crimson imp (D:7)
  2 hounds
  A quasit (D:9)
  A centaur zombie (D:8)
  4 jellies
  5 orc priests
  3 giant frog skeletons
  3 centaur skeletons
  5 iguanas
  6 worker ants
  11 orc wizards
  A hound zombie (D:8)
  Robin (D:4)
  7 gnolls
  14 adders
  A worker ant zombie (D:9)
  4 giant mites
  7 shadow imps
  A worm (D:2)
  3 orc zombies (D:10)
  2 adder skeletons
  4 giant geckos
  3 oozes
  26 orcs
  3 ball pythons
  13 bats
  A bat skeleton (D:4)
  9 giant cockroaches
  13 goblins
  26 hobgoblins
  13 jackals
  21 kobolds
  2 quokkas
  A giant newt (D:2)
  A giant spore (D:6)
  3 jackal skeletons
  A jackal zombie (D:8)
  23 rats
  A rat zombie (D:3)
  2 ballistomycetes (D:6)
316 creatures vanquished.

Vanquished Creatures (others)
  A hound (D:4)
1 creature vanquished.

Grand Total: 317 creatures vanquished

Notes
Turn   | Place    | Note
--------------------------------------------------------------
     0 | D:1      | Helmschank, the Deep Elf Fire Elementalist, began the quest for the Orb.
     0 | D:1      | Reached XP level 1. HP: 10/10 MP: 5/5
   230 | D:1      | Reached XP level 2. HP: 15/15 MP: 3/8
   235 | D:1      | Learned a level 2 spell: Throw Flame
   380 | D:1      | Reached skill level 4 in Spellcasting
  1015 | D:1      | Reached XP level 3. HP: 19/19 MP: 9/12
  1504 | D:1      | Learned a level 3 spell: Conjure Flame
  2120 | D:2      | Reached XP level 4. HP: 24/24 MP: 12/16
  2126 | D:2      | Learned a level 4 spell: Sticky Flame
  3516 | D:3      | Found an ancient bone altar of Kikubaaqudgha.
  3643 | D:3      | Reached XP level 5. HP: 21/28 MP: 13/18
  3801 | D:3      | Noticed Sigmund
  4113 | D:3      | Killed Sigmund
  4562 | D:4      | Reached skill level 5 in Fire Magic
  4642 | D:4      | Noticed Prince Ribbit
  4655 | D:4      | Killed Prince Ribbit
  4655 | D:4      | Reached skill level 5 in Conjurations
  4655 | D:4      | Reached XP level 6. HP: 32/32 MP: 4/20
  4907 | D:4      | Noticed an ogre
  4911 | D:4      | Killed an ogre
  4911 | D:4      | Reached skill level 6 in Fire Magic
  4911 | D:4      | Reached XP level 7. HP: 36/36 MP: 14/22
  4918 | D:4      | Learned a level 5 spell: Fireball
  5074 | D:4      | Found a staircase to the Ecumenical Temple.
  5079 | D:4      | Noticed a slave
  5082 | D:4      | Noticed a slave
  5082 | Temple   | Entered the Ecumenical Temple
  5300 | D:4      | Noticed Pikel
  5300 | D:4      | Noticed a slave
  5305 | D:4      | Noticed a slave
  5311 | D:4      | Killed a slave
  5314 | D:4      | Killed Pikel
  5314 | D:4      | Reached skill level 7 in Conjurations
  5314 | D:4      | Reached XP level 8. HP: 23/41 MP: 12/23
  5981 | D:4      | Noticed Menkaure
  5984 | D:4      | Killed Menkaure
  5984 | D:4      | Reached skill level 8 in Fire Magic
  6068 | D:4      | Noticed Robin
  6069 | D:4      | Killed Robin
  6297 | D:4      | Found a basalt altar of Yredelemnul.
  6408 | D:5      | Entered Level 5 of the Dungeon
  7252 | D:5      | Reached skill level 5 in Spellcasting
  7619 | D:5      | Reached XP level 9. HP: 45/45 MP: 16/27
  8065 | D:6      | You fall through a shaft for 2 floors!
  8309 | D:8      | Noticed Joseph
  8328 | D:8      | Killed Joseph
  8328 | D:8      | Reached skill level 5 in Dodging
  8333 | D:8      | Reached skill level 9 in Spellcasting
  8776 | D:7      | Reached skill level 10 in Spellcasting
  9620 | D:7      | Reached skill level 1 in Fighting
  9898 | D:7      | Found a glowing silver altar of Zin.
  9913 | D:7      | Found an opulent altar of Gozag.
  9915 | D:7      | Found a blossoming altar of Fedhas.
 10142 | D:7      | Found a radiant altar of Vehumet.
 10152 | D:7      | Became a worshipper of Vehumet
 10210 | D:7      | Reached XP level 10. HP: 52/52 MP: 25/32
 10729 | D:8      | Reached skill level 11 in Spellcasting
 11747 | D:8      | Acquired Vehumet's first power
 11747 | D:8      | Offered knowledge of Freeze by Vehumet.
 11766 | D:8      | Learned a level 1 spell: Freeze
 12045 | D:9      | Found a white marble altar of Elyvilon.
 12071 | D:9      | Reached skill level 12 in Spellcasting
 12211 | D:9      | Reached skill level 1 in Ice Magic
 12497 | D:9      | Identified a scroll of acquirement
 12610 | D:9      | Noticed Eustachio
 12619 | D:9      | Killed Eustachio
 12979 | D:9      | Offered knowledge of Sandblast by Vehumet.
 13315 | D:10     | Entered Level 10 of the Dungeon
 13418 | D:10     | Noticed a cyan ugly thing
 13441 | D:10     | Killed a cyan ugly thing
 13742 | D:10     | Noticed a cyclops
 13749 | D:10     | Killed a cyclops
 13940 | D:10     | Reached XP level 11. HP: 49/62 MP: 25/34
 14082 | D:10     | Noticed a fire dragon
 14094 | D:10     | Killed from afar by a fire dragon

Action                   |  1- 3 |  4- 6 |  7- 9 | 10-12 || total
-------------------------+-------+-------+-------+-------++-------
Melee: Dagger            |     4 |     1 |     9 |       ||    14
       Quarterstaff      |       |       |    22 |    13 ||    35
       Falchion          |       |       |     7 |       ||     7
Throw: Stone             |     2 |     5 |       |       ||     7
       Tomahawk          |       |       |       |     1 ||     1
 Cast: Flame Tongue      |    75 |    88 |   156 |    66 ||   385
       Throw Flame       |     1 |    19 |    73 |    44 ||   137
       Conjure Flame     |     1 |     4 |       |     3 ||     8
       Sticky Flame      |       |     5 |    48 |    39 ||    92
       Fireball          |       |       |     8 |    20 ||    28
       Freeze            |       |       |       |     1 ||     1
  Use: Scroll            |       |       |    11 |     6 ||    17
       Potion            |       |       |     1 |       ||     1
  Eat: Chunk             |     4 |     9 |    21 |    11 ||    45
       Beef jerky        |       |       |     1 |       ||     1
       Royal jelly       |       |       |       |     1 ||     1
       Pizza             |       |       |       |     1 ||     1
